 Dungeon Crawl Stone Soup version 0.22.1-1-ga44c0e56f4 (webtiles) character file.

9327 Ivernyr the Destroyer (level 11, -5/81 HPs)
             Began as a Naga Wizard on Nov 3, 2018.
             Was a Follower of Cheibriados.
             Slain by a yak (13 damage)
             ... on level 2 of the Lair of Beasts on Nov 5, 2018.
             The game lasted 01:24:30 (11850 turns).

Ivernyr the Destroyer (Naga Wizard)                Turns: 11850, Time: 01:24:30

Health: -5/81      AC: 11    Str: 12    XL:     11   Next: 44%
Magic:  10/26      EV: 12    Int: 23    God:    Cheibriados [*.....]
Gold:   611        SH:  0    Dex: 12    Spells: 23/32 levels left

rFire    . . .     SeeInvis +   f - +0 spear
rCold    . . .     Gourm    .   (no shield)
rNeg     . . .     Faith    .   a - +1 robe {MR+}
rPois    +         Spirit   .   (no helmet)
rElec    .         Reflect  .   (no cloak)
rCorr    .         Harm     .   w - +0 pair of gloves
MR       +++..                  u - +0 naga barding
Stlth    ++........             s - amulet of regeneration
HPRegen  0.63/turn              D - ring of protection from magic
MPRegen  0.20/turn              m - +4 ring of evasion

@: lethally poisoned (-5 -> -5), about to teleport, very slow
A: large, see invisible, deformed body, poison resistance, slowness 2, slow
metabolism 1, spit poison 1, AC +3
a: Spit Poison, Bend Time, Renounce Religion


You were on level 2 of the Lair of Beasts.
You worshipped Cheibriados.
Cheibriados was aware of your devotion.
You were not hungry.

You visited 3 branches of the dungeon, and saw 12 of its levels.
You also visited: Sewer.

You collected 611 gold pieces.

Inventory:

Hand Weapons
 f - a +0 spear (weapon)
Armour
 a - a +1 robe of magic resistance (worn)
 u - a +0 naga barding (worn)
 w - a +0 pair of gloves (worn)
Jewellery
 j - an uncursed ring of protection from fire
 m - a +4 ring of evasion (right hand)
 s - an amulet of regeneration (around neck)
 t - an uncursed ring of positive energy
 C - an uncursed ring of wizardry
 D - a ring of protection from magic (left hand)
 I - an uncursed ring of positive energy
 N - an uncursed amulet of the acrobat
 P - an uncursed amulet of rage {unknown}
 R - a cursed ring of teleportation {unknown}
Wands
 A - a wand of clouds (9)
 L - a wand of polymorph (15)
 M - a wand of enslavement (20)
Scrolls
 b - a scroll of blinking {unknown}
 c - a scroll of enchant armour {unknown}
 g - 5 scrolls of remove curse
 h - a scroll of noise {unknown}
 k - a scroll of teleportation
 l - 2 scrolls of immolation
 p - 2 scrolls of identify
 x - 2 scrolls of fog {unknown}
 y - 2 scrolls of random uselessness {unknown}
 z - a scroll of enchant weapon {unknown}
 B - 2 scrolls of amnesia {unknown}
 E - 2 scrolls of fear {unknown}
 F - a scroll of acquirement {unknown}
 H - 2 scrolls of magic mapping {unknown}
Potions
 e - 5 potions of curing {unknown}
 i - 4 potions of heal wounds
 n - 2 potions of might {unknown}
 o - a potion of cancellation {unknown}
 q - a potion of berserk rage {unknown}
 r - a potion of invisibility {unknown}
 v - 3 potions of degeneration {unknown}
 G - a potion of agility {unknown}
 J - a potion of brilliance {unknown}
 K - a potion of resistance
 O - a potion of lignification {unknown}
Comestibles
 d - 13 rations


   Skills:
 + Level 2.4 Armour
 - Level 1.5 Dodging
 - Level 3.0 Stealth
 + Level 11.3 Spellcasting
 + Level 11.8 Conjurations
   Level 1.0 Summonings
 - Level 1.0 Translocations
 + Level 3.3 Invocations


You had 23 spell levels left.
You knew the following spells:

 Your Spells              Type           Power        Failure   Level  Hunger
a - Magic Dart            Conj           ####         1%          1    None
b - Blink                 Tloc           N/A          4%          2    None
c - Conjure Flame         Conj/Fire      #####...     1%          3    None
d - Mephitic Cloud        Conj/Pois/Air  ####....     3%          3    None

Your spell library contained the following spells:

 Spells                   Type           Power        Failure   Level  Hunger
 Apportation              Tloc           ###...       3%          1    None
 Confusing Touch          Hex            ##....       4%          1    None
 Call Imp                 Summ           ###.....     4%          2    None
 Shroud of Golubria       Chrm/Tloc      ###.......   6%          2    None
 Slow                     Hex            ##......     8%          2    None
 Gell's Gravitas          Tloc           ###.......   10%         3    None
 Confuse                  Hex            ##......     14%         3    None
 Petrify                  Tmut/Erth      ##......     43%         4    None
 Metabolic Englaciation   Hex/Ice        ##........   80%         5    ####...
 Yara's Violent Unravell  Hex/Tmut       ##........   80%         5    ####...
 Malign Gateway           Summ/Tloc      ###.......   100%        7    #######
 Disjunction              Tloc           ###.......   100%        8    #######


Dungeon Overview and Level Annotations

Branches:
Dungeon (9/15)             Temple (1/1) D:6            Lair (2/6) D:8
 Spider (0/4) Lair:2
  Swamp: Lair:2-4    Shoals: Lair:2-4       Orc: D:9-12

Altars:
Ashenzari
Cheibriados
Dithmenos
Elyvilon
Fedhas
Gozag
Hepliaklqana
Kikubaaqudgha
Makhleb
Nemelex Xobeh
Okawaru
Qazlal
Ru
Sif Muna
Trog
Uskayaw
Vehumet
Wu Jian
Xom
Yredelemnul
Zin
The Shining One
Jiyva

Shops:
D:4 !**   D:8 }

Annotations:
D:7 1 runed door, Chiseanne's ghost, novice GnWn
D:8 3 runed doors, Spyer's ghost, novice MiBe


Innate Abilities, Weirdness & Mutations

You cannot wear boots.
Your serpentine skin is tough. (AC +3)
You have supernaturally acute eyesight. (SInv)
Armour fits poorly on your strangely shaped body.
Your system is resistant to poisons. (rPois)
You cover ground very slowly.
You have a slow metabolism.
You can spit poison.


Message History

* * * LOW HITPOINT WARNING * * *
The demonic crawler closely misses you. The demonic crawler barely misses you.
The demonic crawler hits you but does no damage.
The porcupine closely misses you.
The porcupine twitches its whiskers.
The porcupine bites you.
* * * LOW HITPOINT WARNING * * *
The demonic crawler barely misses you.
The demonic crawler hits you but does no damage.
The demonic crawler hits you!
* * * LOW HITPOINT WARNING * * *
Casting: Blink (safe; 4% risk of failure)
Confirm with . or Enter, or press ? or * to list all spells.
You blink.
Casting: Blink (safe; 4% risk of failure)
Confirm with . or Enter, or press ? or * to list all spells.
You blink.
You feel sick.
As you read the scroll of teleportation, it crumbles to dust.
You feel strangely unstable. The yak gores you!
You die...

.............<.......
>....................
)...#.###P........... ..
.###..##........#..###...
.##.....##....###P.##....
.#......##....#......#.....#
.##.....#.....#.......#.(...
.##......#.....#.....# .....
.##............#@P#..##....#
.##.....##....#Y+D.#.#.....##.
..#.....##...........(.....#.#+
.##PP.####.........s...........
.########........Y..r..........
.................Y.............
...............................
....................w..........
.......................ยง.##.


You could see a five-headed hydra, a demonic crawler, 3 yaks, a worm and a
porcupine.

Vanquished Creatures
  Harold (D:8)
  2 two-headed ogres (D:8)
  An elephant (D:8)
  2 black mambas
  A spiny frog (Lair:2)
  A rime drake (Lair:2)
  2 komodo dragons
  Prince Ribbit (D:5)
  3 hippogriffs
  Sigmund (D:3)
  2 yaks
  A hungry ghost (D:7)
  Eustachio (D:6)
  A basilisk (D:8)
  Duvessa (D:6)
  A water moccasin (Lair:2)
  A porcupine (Lair:1)
  2 ice beasts
  An orc warrior (D:7)
  2 black bears
  2 sky beasts
  5 ogres
  A centaur (D:6)
  6 crocodiles
  5 bullfrogs
  4 scorpions
  Dowan (D:6)
  5 killer bees (D:8)
  2 wights
  A howler monkey (D:5)
  3 crimson imps
  A quasit (D:8)
  4 hounds
  2 bullfrog skeletons (D:8)
  A centaur skeleton (D:5)
  2 orc priests (D:5)
  2 jellies
  3 iguanas
  Terence (D:3)
  5 orc wizards
  Ijyb (D:5)
  4 worker ants
  A hound skeleton (D:4)
  A mummy (D:8)
  A worker ant zombie (D:6)
  6 gnolls
  8 adders
  A shadow imp (D:6)
  2 oozes
  2 worms
  A dart slug (D:1)
  6 leopard geckos
  21 orcs
  2 ball pythons
  14 bats
  9 giant cockroaches
  2 gnoll zombies (D:2)
  5 goblins
  6 hobgoblins
  4 jackals
  7 kobolds
  A quokka (D:3)
  4 frilled lizards
  A jackal zombie (D:3)
  A leopard gecko zombie (D:7)
  6 rats
201 creatures vanquished.

Vanquished Creatures (collateral kills)
  A killer bee (D:8)
1 creature vanquished.

Vanquished Creatures (others)
  A worker ant (D:6)
  A fungus (Lair:2)
2 creatures vanquished.

Grand Total: 204 creatures vanquished

Notes
Turn   | Place    | Note
-------+----------+-------------------------------------------
     0 | D:1      | Ivernyr the Naga Wizard began the quest for the Orb.
     0 | D:1      | Reached XP level 1. HP: 15/15 MP: 4/4
    81 | D:1      | Reached XP level 2. HP: 3/22 MP: 0/6
   350 | D:1      | Learned a level 2 spell: Blink
   824 | D:1      | Reached XP level 3. HP: 28/28 MP: 2/7
  1018 | D:1      | Learned a level 3 spell: Conjure Flame
  1022 | D:1      | Learned a level 3 spell: Mephitic Cloud
  1575 | D:2      | Reached XP level 4. HP: 36/36 MP: 7/9
  1834 | D:2      | Found an iron altar of Okawaru.
  2042 | D:2      | Found a basalt altar of Yredelemnul.
  2066 | D:2      | Found a shimmering altar of Xom.
  2348 | D:3      | Reached XP level 5. HP: 30/42 MP: 11/11
  2653 | D:3      | Found a glowing drain.
  2682 | Sewer    | Entered a sewer
  2795 | Sewer    | Noticed a crocodile
  2802 | Sewer    | Killed a crocodile
  3101 | D:3      | Reached XP level 6. HP: 49/49 MP: 4/13
  3283 | D:3      | Noticed Terence
  3292 | D:3      | Killed Terence
  3558 | D:3      | Noticed Sigmund
  3577 | D:3      | Killed Sigmund
  3577 | D:3      | Reached skill level 5 in Spellcasting
  3676 | D:3      | Reached XP level 7. HP: 54/55 MP: 9/15
  3927 | D:3      | Found a stormy altar of Qazlal.
  4122 | D:4      | Reached skill level 5 in Conjurations
  4358 | D:4      | Found Qanext's General Store.
  4602 | D:4      | Found Goobap's General Store.
  4987 | D:4      | Found Faiza's Distillery.
  5061 | D:4      | Found a shattered altar of Ashenzari.
  5149 | D:5      | Entered Level 5 of the Dungeon
  5197 | D:5      | Noticed Prince Ribbit
  5229 | D:5      | Reached XP level 8. HP: 43/62 MP: 6/17
  5245 | D:5      | Killed Prince Ribbit
  5438 | D:5      | Found a radiant altar of Vehumet.
  5438 | D:5      | Found an ancient bone altar of Kikubaaqudgha.
  5579 | D:5      | Found a sacrificial altar of Ru.
  5832 | D:5      | Noticed Ijyb
  5841 | D:5      | Killed Ijyb
  6145 | D:5      | Found a deep blue altar of Sif Muna.
  6231 | D:5      | Found a white marble altar of Elyvilon.
  6360 | D:6      | Reached XP level 9. HP: 5/68 MP: 2/20
  6706 | D:6      | Found a staircase to the Ecumenical Temple.
  6814 | D:6      | Noticed Duvessa
  6814 | D:6      | Noticed Dowan
  6825 | D:6      | Killed Dowan
  6902 | D:6      | Killed Duvessa
  7062 | D:6      | Noticed Eustachio
  7106 | D:6      | Killed Eustachio
  7128 | D:6      | Found a sparkling altar of Nemelex Xobeh.
  7288 | Temple   | Entered the Ecumenical Temple
  8157 | D:7      | Found a glowing golden altar of the Shining One.
  8222 | D:7      | Found an ornate altar of the Wu Jian Council.
  8526 | D:7      | Found a runed door.
  8530 | D:7      | Noticed Chiseanne's ghost (novice GnWn)
  8905 | D:8      | Found a runed gate.
  8906 | D:8      | Found a runed gate.
  8906 | D:8      | Found an opulent altar of Gozag.
  8907 | D:8      | Found a runed gate.
  8909 | D:8      | Identified the Reference Book on the Voyage
  9055 | D:8      | Found Oqoelatann's Gadget Emporium.
  9061 | D:8      | Noticed a two-headed ogre
  9062 | D:8      | Noticed an elephant
  9102 | D:8      | Killed a two-headed ogre
  9102 | D:8      | Reached skill level 10 in Conjurations
  9102 | D:8      | Reached XP level 10. HP: 27/75 MP: 10/23
  9144 | D:8      | Reached skill level 10 in Spellcasting
  9260 | D:8      | Found a staircase to the Lair.
  9284 | D:8      | Noticed Harold
  9374 | D:8      | Killed an elephant
  9580 | D:8      | Killed Harold
  9688 | D:8      | Noticed a two-headed ogre
  9707 | D:8      | Killed a two-headed ogre
  9929 | D:8      | Reached XP level 11. HP: 81/81 MP: 8/25
 10190 | D:8      | Found a snail-covered altar of Cheibriados.
 10223 | D:8      | Became a worshipper of Cheibriados the Contemplative
 10244 | D:8      | Noticed Spyer's ghost (novice MiBe)
 10452 | Lair:1   | Entered Level 1 of the Lair of Beasts
 10468 | Lair:1   | Reached skill level 1 in Invocations
 10564 | Lair:1   | Reached skill level 1 in Armour
 11675 | Lair:2   | Reached * piety under Cheibriados
 11804 | Lair:2   | Found a hole to the Spider Nest.
 11844 | Lair:2   | Noticed a five-headed hydra
 11850 | Lair:2   | Slain by a yak

Skill      XL: |  1  2  3  4  5  6  7  8  9 10 11 |
---------------+----------------------------------+-----
Conjurations   | 2 3 4 6 7 10 11 | 11.8
Spellcasting   | 4 5 6 7 9 10 11 | 11.3
Invocations    | 3 |  3.3
Armour         | 2 |  2.4
Dodging        | |  1.5
Stealth        | |  3.0
Summonings     | |  1.0
Translocations | |  1.0

Action                   |  1- 3 |  4- 6 |  7- 9 | 10-12 || total
-------------------------+-------+-------+-------+-------++-------
Melee: Unarmed           |    14 |       |       |       ||    14
       Spear             |       |    53 |   273 |   108 ||   434
 Cast: Magic Dart        |    80 |    66 |   230 |   157 ||   533
       Mephitic Cloud    |       |     4 |    26 |    11 ||    41
       Conjure Flame     |       |     1 |     7 |    15 ||    23
       Blink             |       |       |     4 |    19 ||    23
 Abil: Spit Poison       |    17 |    15 |    50 |    21 ||   103
  Use: Scroll            |       |       |     1 |     7 ||     8
 Stab: Confused          |       |     3 |    13 |     4 ||    20
       Sleeping          |       |     1 |       |       ||     1
  Eat: Chunk             |     1 |     7 |    11 |     9 ||    28
       Ration            |       |       |     2 |       ||     2
Armor: Robe              |     7 |    10 |   100 |    60 ||   177
Dodge: Dodged            |    22 |    26 |   172 |   102 ||   322
